 Dungeon Crawl Stone Soup version 0.19.1 (webtiles) character file.

57372 Rrauwl the Carver (level 15, -7/110 HPs)
             Began as a Human Fighter on Nov 24, 2016.
             Was the Champion of Hepliaklqana.
             Mangled by a golden dragon simulacrum (17 damage)
             ... in an ice cave on Nov 25, 2016.
             The game lasted 03:10:36 (18412 turns).

Rrauwl the Carver (Human Fighter)                  Turns: 18412, Time: 03:10:38

Health: -7/110     AC: 24    Str: 21    XL:     15   Next: 25%
Magic:  22/22      EV: 15    Int: 17    God:    Hepliaklqana [******]
Gold:   1438       SH:  0    Dex: 13    Spells: 2 memorised, 16 levels left

rFire  . . .     SeeInvis .     L - +8 double sword (vamp)
rCold  + . .     Gourm    .     U - +4 steam dragon scales
rNeg   . . .     Faith    .     (no shield)
rPois  +         Spirit   .     q - +2 helmet
rElec  +         Reflect  .     a - +2 cloak "Goni" {rPois Int+2 Slay+3}
rCorr  +         Harm     .     l - +1 pair of gloves
MR     +....     Clarity  +     e - +2 pair of boots {run}
Stlth  +.........               O - amulet of regeneration
                                W - ring of the Octopus King {rCorr AC+1 EV+1 Str+1 Int+1 Dex+1}
                                T - ring of protection from cold

@: studying Earth Magic, quick
A: reduced essence, blink, clarity, sense surroundings 1, poison resistance,
screaming 1, electricity resistance, strong 1
a: Blink, Recall Ancestor, Ancestor Identity, Transference, Idealise, Renounce
Religion


You were in an ice cave.
You worshipped Hepliaklqana.
Hepliaklqana was exalted by your worship.
You were not hungry.

You visited 4 branches of the dungeon, and saw 20 of its levels.
You also visited: Ossuary and Ice Cave.

You collected 1564 gold pieces.
You spent 126 gold pieces at shops.

Inventory:

Hand Weapons
 g - a +2 great sword of flaming
 L - a +8 vampiric double sword (weapon)
 Q - a +4 dire flail
Armour
 a - the +2 cloak "Goni" (worn) {rPois Int+2 Slay+3}
   (You acquired it on level 2 of the Lair of Beasts)

   It affects your intelligence (+2).
   It affects your accuracy and damage with ranged weapons and melee attacks
   (+3).
   It protects you from poison.
 e - a +2 pair of boots of running (worn)
 l - a +1 pair of gloves (worn)
 q - a +2 helmet (worn)
 U - +4 steam dragon scales (worn)
Jewellery
 b - an uncursed ring of flight
 o - an uncursed ring of protection from magic
 O - an amulet of regeneration (around neck)
 T - a ring of protection from cold (left hand)
 W - a ring of the Octopus King (right hand) {rCorr AC+1 EV+1 Str+1 Int+1 Dex+1}
   (You found it on level 2 of the Lair of Beasts)

   [ring of resist corrosion]

   It affects your AC (+1).
   It affects your evasion (+1).
   It affects your strength (+1).
   It affects your intelligence (+1).
   It affects your dexterity (+1).
Wands
 k - a wand of polymorph (15/24)
 m - a wand of iceblast (8/15)
 n - a wand of paralysis (15/24)
 u - a wand of slowing (37/48)
 v - a wand of digging (21/24)
 x - a wand of flame (12/48)
 y - a wand of enslavement (11/24)
 G - a wand of lightning (8/15)
Scrolls
 d - a scroll of blinking
 h - a scroll of identify
 r - 18 scrolls of remove curse
 B - 2 scrolls of teleportation
Potions
 f - a potion of resistance
 s - a potion of brilliance
 w - 4 potions of curing
 V - 3 potions of heal wounds
Books
 c - a manual of Earth Magic
 z - a book of Necromancy

   Spells                             Type                      Level
   a - Pain                           Necromancy                   1
   b - Animate Skeleton               Necromancy                   1
   c - Vampiric Draining              Necromancy                   3
   d - Regeneration                   Charms/Necromancy            3
   e - Animate Dead                   Necromancy                   4
   f - Control Undead                 Necromancy                   4
Miscellaneous
 R - a fan of gales
Comestibles
 j - 8 meat rations
 p - 20 fruits


   Skills:
 + Level 13.0 Fighting
 + Level 14.2 Long Blades
 + Level 6.2 Maces & Flails
 - Level 8.1 Armour
 - Level 4.0 Dodging
   Level 3.0 Shields
 - Level 5.1 Spellcasting
 - Level 9.0 Necromancy
 + Level 4.3 Earth Magic
 - Level 7.0 Invocations
 - Level 4.0 Evocations


You had 16 spell levels left.
You knew the following spells:

 Your Spells              Type           Power        Failure   Level  Hunger
a - Control Undead        Necr           #####.....   4%          4    ####...
b - Animate Dead          Necr           N/A          4%          4    ####...


Dungeon Overview and Level Annotations

Branches:
Dungeon (12/15)            Temple (1/1) D:5            Lair (6/6) D:8
 Shoals (0/4) Lair:2       Spider (1/4) Lair:2        Slime (0/5) Lair:5
    Orc (0/2) D:12

Altars:
Ashenzari
Dithmenos
Fedhas
Hepliaklqana
Kikubaaqudgha
Makhleb
Nemelex Xobeh
Okawaru
Qazlal
Sif Muna
Trog
Xom
Yredelemnul
Zin
The Shining One
Jiyva

Shops:
D:5 [


Innate Abilities, Weirdness & Mutations

Your life essence is reduced. (-10% HP)
You can translocate small distances at will.
You possess an exceptional clarity of mind.
You passively map a small area around you.
Your system is resistant to poisons. (rPois)
You occasionally shout uncontrollably at your foes.
You are resistant to electric shocks. (rElec)
Your muscles are strong. (Str +2)


Message History

The ogre simulacrum closely misses you.
You swap places.
Bo blocks something's attack.
The ogre simulacrum misses you.
You slash the ogre simulacrum!
The ogre simulacrum vapourises!
You slice the golden dragon simulacrum!!
The golden dragon simulacrum is heavily damaged.
You barely miss the golden dragon simulacrum.
The golden dragon simulacrum is heavily damaged.
The golden dragon simulacrum bites you.
The golden dragon simulacrum freezes you!!
You resist. The golden dragon simulacrum claws you.
The golden dragon simulacrum freezes you!!
You resist.
* * * LOW HITPOINT WARNING * * *
The golden dragon simulacrum tramples you.
* * * LOW HITPOINT WARNING * * *
The golden dragon simulacrum freezes you!
You resist.
You die...

#.## **
#..##
#.##
*,*,
##.##
#..# **
, #.##
#.## ##*
* ,#..#
#.# ≈≈#
##.#
#.###≈#
# ** #..
##.#≈#*
.# *
,#..
#..#*
..# ##.
#.@##..#
* , ##
#.#Z...#
*
##R#..##
, **
#...## ,
,,, *
#..## ≈
* #### ,
** , * ≈
≈ ,


You could see a golden dragon simulacrum.

Vanquished Creatures
  The ghost of Necromancer the Slicer, a journeyman DsNe of Fedhas (D:12)
  The ghost of moozooh the Basher, a journeyman TrFi (Lair:3)
  Snorg (D:12)
  The ghost of Kloppie the Bludgeoner, a journeyman DsBe of Trog (Lair:4)
  The ghost of Jesseh the Fighter, a journeyman MiFi of Okawaru (D:10)
  Harold (D:12)
  2 hydras
  A catoblepas (Lair:2)
  The ghost of Schimscham the Destroyer, a journeyman DgCj (D:12)
  Nergalle (D:11)
  The ghost of moozooh the Basher, a novice TrFi (D:6)
  2 hill giants
  An ugly thing (D:12)
  5 elephants (Lair:4)
  3 wolf spiders
  A guardian serpent (Lair:6)
  A centaur zombie (D:12)
  6 black mambas
  Joseph (D:9)
  14 spiny frogs
  A torpor snail (Spider:1)
  3 rime drakes
  3 komodo dragons
  4 freezing wraiths
  A demonic crawler (Spider:1)
  A golden dragon simulacrum (IceCv)
  A troll (D:11)
  4 jumping spiders (Spider:1)
  A wolf spider simulacrum (IceCv)
  4 hornets
  16 blink frogs
  A shadow (D:12)
  3 wyverns
  5 spriggans (D:8)
  A wraith (Ossuary)
  3 redbacks (Spider:1)
  21 yaks
  2 tarantellas (Spider:1)
  4 basilisks
  A hungry ghost (D:8)
  A mottled dragon (D:12)
  9 water moccasins
  A soldier ant (D:9)
  2 hydra simulacra (IceCv)
  5 porcupines
  2 ice beasts (D:7)
  A black bear (Lair:3)
  A necrophage (D:12)
  2 phantoms
  3 ogres
  9 wolves
  2 centaurs
  7 crocodiles
  An elf zombie (Ossuary)
  A big kobold (D:12)
  10 bullfrogs
  2 gnoll sergeants (D:8)
  4 scorpions
  A killer bee (D:11)
  5 wights
  3 vampire bats (D:6)
  A howler monkey (D:6)
  2 electric eels
  2 crimson imps
  2 jellies (D:12)
  A draconian simulacrum (IceCv)
  2 centaur skeletons (D:8)
  5 orc priests
  4 hounds
  5 orc wizards
  Ijyb (D:3)
  2 iguanas
  Natasha (thrice) (D:2)
  6 worker ants
  A troll simulacrum (IceCv)
  A wolf simulacrum (IceCv)
  A mummy (Ossuary)
  A worker ant zombie (D:8)
  Robin (D:2)
  17 adders
  7 gnolls (D:8)
  A naga simulacrum (IceCv)
  2 river rats (Lair:6)
  An ogre simulacrum (IceCv)
  4 shadow imps
  3 white imps (IceCv)
  2 ufetubi (IceCv)
  An adder zombie (D:9)
  2 worms
  3 dart slugs
  2 leopard geckos
  19 orcs
  A ball python (D:1)
  13 bats
  7 giant cockroaches
  17 goblins
  8 hobgoblins
  11 jackals
  6 kobolds
  10 quokkas
  A ball python skeleton (D:4)
  4 frilled lizards
  A gnoll zombie (Ossuary)
  A goblin zombie (Ossuary)
  3 hobgoblin zombies (Ossuary)
  A kobold zombie (Ossuary)
  4 rats
  4 plants
395 creatures vanquished.

Vanquished Creatures (collateral kills)
  Gastronok (Lair:3)
  An entropy weaver (Spider:1)
  The ghost of DeXoteric the Severer, a journeyman DDFi of Makhleb (D:11)
  A catoblepas (Lair:6)
  A hill giant (D:11)
  A wolf spider (Spider:1)
  2 centaur zombies
  An elephant (Lair:4)
  2 black mambas (Lair:3)
  7 spiny frogs
  A freezing wraith (Spider:1)
  3 komodo dragons
  A rime drake (Lair:4)
  2 trolls
  2 jumping spiders (Spider:1)
  2 blink frogs
  2 polar bears
  2 hornets
  2 hippogriffs
  2 redbacks
  2 spriggans (D:8)
  8 yaks
  4 wyverns
  Grum (D:8)
  2 tarantellas (Spider:1)
  A steam dragon (Lair:2)
  A mottled dragon (D:9)
  A soldier ant (D:9)
  10 water moccasins
  Duvessa (D:7)
  A hydra simulacrum (IceCv)
  2 porcupines
  2 sky beasts
  An ettin simulacrum (IceCv)
  A black bear (D:11)
  An ogre (D:6)
  A phantom (D:12)
  2 centaurs
  4 wolves
  2 crocodiles
  4 bullfrogs
  Dowan (D:7)
  A wyvern skeleton (D:12)
  A scorpion (D:8)
  4 killer bees
  8 wights
  An electric eel (Lair:6)
  A howler monkey (D:7)
  A bullfrog zombie (D:12)
  3 crimson imps
  A draconian simulacrum (IceCv)
  3 bullfrog skeletons
  A gnoll shaman (D:8)
  A jelly (D:6)
  An orc priest (D:10)
  An iguana (D:5)
  3 worker ants
  2 mummies (Ossuary)
  7 gnolls (D:8)
  3 adders
  A shadow imp (D:6)
  A white imp (IceCv)
  An adder skeleton (D:8)
  3 orcs
  2 jackals
  3 hobgoblin zombies (Ossuary)
  A kobold (D:12)
  4 kobold zombies (Ossuary)
  A quokka zombie (D:8)
  4 plants
154 creatures vanquished.

Vanquished Creatures (others)
  7 knights
  An ancestor (D:6)
  26 fungi
  21 plants
55 creatures vanquished.

Grand Total: 604 creatures vanquished

Notes
Turn   | Place    | Note
-------+----------+-------------------------------------------
     0 | D:1      | Rrauwl the Human Fighter began the quest for the Orb.
     0 | D:1      | Reached XP level 1. HP: 18/18 MP: 1/1
   214 | D:1      | Reached XP level 2. HP: 18/24 MP: 2/2
   370 | D:1      | Reached skill level 3 in Long Blades
   495 | D:1      | Reached XP level 3. HP: 23/29 MP: 3/3
   850 | D:2      | Noticed Robin
   871 | D:2      | Killed Robin
   871 | D:2      | Reached skill level 4 in Long Blades
   871 | D:2      | Reached XP level 4. HP: 17/35 MP: 4/4
  1185 | D:2      | Noticed Natasha
  1193 | D:2      | Killed Natasha
  1193 | D:2      | Reached XP level 5. HP: 38/41 MP: 5/5
  1588 | D:2      | Noticed Natasha
  1593 | D:2      | Killed Natasha
  1593 | D:2      | Reached skill level 5 in Long Blades
  1693 | D:2      | Noticed Natasha
  1702 | D:2      | Killed Natasha
  1841 | D:3      | Noticed Ijyb
  1889 | D:3      | Killed Ijyb
  1889 | D:3      | Reached XP level 6. HP: 42/47 MP: 6/6
  2493 | D:3      | Reached skill level 6 in Long Blades
  3090 | D:4      | Noticed a phantom
  3157 | D:4      | Killed a phantom
  3157 | D:4      | Reached skill level 7 in Long Blades
  3157 | D:4      | Reached XP level 7. HP: 47/52 MP: 7/7
  3486 | D:5      | Entered Level 5 of the Dungeon
  3552 | D:5      | Reached skill level 1 in Dodging
  3561 | D:5      | Got a steaming scale mail
  3572 | D:5      | Identified the +1 scale mail of Ocwyorel {Dex+8} (You found it on level 5 of the Dungeon)
  3704 | D:5      | Found a staircase to the Ecumenical Temple.
  3730 | Temple   | Entered the Ecumenical Temple
  3779 | Temple   | Became a worshipper of Hepliaklqana the Forgotten
  3834 | D:5      | Learned a level 1 spell: Pain
  4081 | D:5      | Found Ibeumnu's Armour Shop.
  4086 | D:5      | Bought a +0 cloak of magic resistance for 126 gold pieces
  4387 | D:6      | Reached XP level 8. HP: 54/54 MP: 8/8
  4458 | D:6      | Noticed moozooh's ghost (novice TrFi)
  4483 | D:6      | Killed moozooh's ghost
  4483 | D:6      | Reached skill level 5 in Fighting
  4483 | D:6      | Reached skill level 8 in Long Blades
  4483 | D:6      | Reached skill level 5 in Armour
  4483 | D:6      | Reached XP level 9. HP: 24/61 MP: 9/9
  4630 | D:6      | Found a sand-covered staircase.
  4639 | Ossuary  | Entered an ossuary
  4639 | Ossuary  | Reached * piety under Hepliaklqana
  4693 | Ossuary  | Gained mutation: You are frail. (-10% HP) [potion of mutation]
  4693 | Ossuary  | Gained mutation: Your mind is acute. (Int +2) [potion of mutation]
  4693 | Ossuary  | Gained mutation: You passively map a small area around you. [potion of mutation]
  5252 | D:6      | Reached skill level 1 in Necromancy
  5740 | D:7      | Noticed Duvessa
  5741 | D:7      | Noticed Dowan
  5756 | D:7      | Killed Duvessa
  5766 | D:7      | Killed Dowan
  6099 | D:7      | Reached ** piety under Hepliaklqana
  6100 | D:7      | Remembered your ancestor Bo as a knight
  6268 | D:7      | Found an iron altar of Okawaru.
  6275 | D:7      | Reached skill level 9 in Long Blades
  6678 | D:8      | Reached XP level 10. HP: 58/61 MP: 10/10
  6745 | D:8      | Gained mutation: You occasionally shout uncontrollably at your foes. [potion of mutation]
  6745 | D:8      | Gained mutation: Your body sometimes deteriorates upon taking damage. [potion of mutation]
  6745 | D:8      | Gained mutation: You are partially covered in thin metallic scales. (AC +2) [potion of mutation]
  7675 | D:8      | Noticed Grum
  7693 | D:8      | Killed Grum
  7730 | D:8      | Lost mutation: You are frail. (-10% HP) [mutagenic meat]
  7748 | D:8      | Reached skill level 5 in Necromancy
  8002 | D:8      | Found a staircase to the Lair.
  8249 | D:8      | Reached skill level 10 in Long Blades
  8389 | D:9      | Reached XP level 11. HP: 77/77 MP: 11/11
  8745 | D:9      | Reached *** piety under Hepliaklqana
  8754 | D:9      | Noticed Joseph
  8773 | D:9      | Killed Joseph
  8773 | D:9      | Reached skill level 1 in Invocations
  8861 | D:9      | Identified a scroll of acquirement
  8862 | D:9      | Got a translucent ring mail
  8879 | D:9      | Identified the +2 ring mail of Divine Compulsion {Dex+3} (You found it on level 9 of the Dungeon)
  8905 | D:9      | Found a sparkling altar of Nemelex Xobeh.
  9202 | D:10     | Entered Level 10 of the Dungeon
  9329 | D:10     | Noticed Jesseh's ghost (journeyman MiFi)
  9359 | D:10     | Killed Jesseh's ghost
 10099 | D:11     | Noticed Nergalle
 10146 | D:11     | Killed Nergalle
 10207 | D:11     | Reached skill level 11 in Long Blades
 10274 | D:11     | Noticed a hill giant
 10283 | D:11     | Killed a hill giant
 10283 | D:11     | Reached skill level 1 in Evocations
 10283 | D:11     | Reached XP level 12. HP: 85/85 MP: 15/15
 10328 | D:11     | Reached **** piety under Hepliaklqana
 10345 | D:11     | Noticed DeXoteric's ghost (journeyman DDFi)
 10357 | D:11     | Killed DeXoteric's ghost
 10711 | D:12     | Noticed Snorg
 10761 | D:12     | Noticed Necromancer's ghost (journeyman DsNe)
 10826 | D:12     | Killed Necromancer's ghost
 10890 | D:12     | Noticed Harold
 10908 | D:12     | Killed Harold
 10982 | D:12     | Killed Snorg
 11051 | D:12     | Reached skill level 10 in Fighting
 11057 | D:12     | Learned a level 4 spell: Animate Dead
 11105 | D:12     | Noticed Schimscham's ghost (journeyman DgCj)
 11147 | D:12     | Killed Schimscham's ghost
 11147 | D:12     | Reached skill level 1 in Spellcasting
 11282 | D:12     | Gained mutation: You can translocate small distances at will. [mutagenic meat]
 11283 | D:12     | Gained mutation: You passively map the area around you. [mutagenic meat]
 11284 | D:12     | Gained mutation: Your magical capacity is low. (-10% MP) [mutagenic meat]
 11285 | D:12     | Gained mutation: Scrolls take you a little longer to read. [mutagenic meat]
 11468 | D:12     | Found a staircase to the Orcish Mines.
 11500 | D:12     | Lost mutation: Scrolls take you a little longer to read. [potion of cure mutation]
 11500 | D:12     | Lost mutation: Your body sometimes deteriorates upon taking damage. [potion of cure mutation]
 11500 | D:12     | Lost mutation: You passively map the area around you. [potion of cure mutation]
 11500 | D:12     | Lost mutation: Your mind is acute. (Int +2) [potion of cure mutation]
 11500 | D:12     | Lost mutation: Your magical capacity is low. (-10% MP) [potion of cure mutation]
 11500 | D:12     | Lost mutation: You are partially covered in thin metallic scales. (AC +2) [potion of cure mutation]
 11937 | Lair:1   | Entered Level 1 of the Lair of Beasts
 12020 | Lair:1   | Reached XP level 13. HP: 92/92 MP: 16/16
 12142 | Lair:1   | Reached skill level 12 in Long Blades
 12875 | Lair:2   | Found a staircase to the Shoals.
 12945 | Lair:2   | Noticed a catoblepas
 12972 | Lair:2   | Killed a catoblepas
 13080 | Lair:2   | Reached ***** piety under Hepliaklqana
 13090 | Lair:2   | Found a hole to the Spider Nest.
 13208 | Lair:2   | Got a ring of the Octopus King
 13211 | Lair:2   | Identified a ring of the Octopus King {rCorr AC+1 EV+1 Str+1 Int+1 Dex+1} (You found it on level 2 of the Lair of Beasts)
 13245 | Lair:2   | Reached skill level 5 in Invocations
 13778 | Lair:2   | Got a polished cloak
 13789 | Lair:2   | Identified the +2 cloak "Goni" {rPois Int+2 Slay+3} (You acquired it on level 2 of the Lair of Beasts)
 13806 | Lair:2   | Learned a level 4 spell: Control Undead
 13943 | Lair:3   | Noticed moozooh's ghost (journeyman TrFi)
 13962 | Lair:3   | Killed moozooh's ghost
 14258 | Lair:3   | Noticed Gastronok
 14515 | Lair:3   | Killed Gastronok
 14515 | Lair:3   | Reached skill level 5 in Spellcasting
 14515 | Lair:3   | Reached XP level 14. HP: 101/101 MP: 21/21
 15005 | Lair:4   | Noticed Kloppie's ghost (journeyman DsBe)
 15020 | Lair:4   | Killed Kloppie's ghost
 15020 | Lair:4   | Reached skill level 13 in Long Blades
 15020 | Lair:4   | Reached skill level 1 in Maces & Flails
 15391 | Lair:4   | Found a dark tunnel.
 15709 | Lair:5   | Found a viscous altar of Jiyva.
 15710 | Lair:5   | Found a staircase to the Slime Pits.
 16153 | Lair:5   | Reached ****** piety under Hepliaklqana
 16295 | Lair:6   | Entered Level 6 of the Lair of Beasts
 16678 | Lair:6   | Gained mutation: You are resistant to electric shocks. (rElec) [potion of mutation]
 16678 | Lair:6   | Gained mutation: You possess an exceptional clarity of mind. [potion of mutation]
 16678 | Lair:6   | Lost mutation: You possess an exceptional clarity of mind. [potion of mutation]
 16679 | Lair:6   | Gained mutation: Your muscles are strong. (Str +2) [potion of mutation]
 16679 | Lair:6   | Gained mutation: Your system is resistant to poisons. (rPois) [potion of mutation]
 16679 | Lair:6   | Gained mutation: You possess an exceptional clarity of mind. [potion of mutation]
 16700 | Lair:6   | Got a crude cloak
 16712 | Lair:6   | Reached skill level 5 in Maces & Flails
 16846 | Lair:2   | Identified the +2 cloak "Jath" {-Tele +Fly rCorr Int+3} (You found it on level 6 of the Lair of Beasts)
 16875 | Lair:2   | Identified a +2 pair of boots of running (You acquired it on level 2 of the Lair of Beasts)
 16883 | Lair:2   | Got a jewelled shield
 16889 | Lair:2   | Identified the +0 shield "Ugyr" {MR+} (You acquired it on level 2 of the Lair of Beasts)
 17130 | Lair:6   | Reached skill level 1 in Earth Magic
 17490 | Lair:6   | Reached XP level 15. HP: 109/109 MP: 22/22
 17798 | Lair:5   | Reached skill level 14 in Long Blades
 17869 | Spider:1 | Entered Level 1 of the Spider Nest
 18025 | Spider:1 | Found a frozen archway.
 18048 | IceCv    | Entered an ice cave
 18412 | IceCv    | Mangled by a golden dragon simulacrum

Skill      XL: |  1  2  3  4  5  6  7  8  9 10 11 12 13 14 15 |
---------------+----------------------------------------------+-----
Long Blades    | 3 4 5 7 8 9 10 11 12 13 14 | 14.2
Dodging        | 1 3 4 |  4.0
Fighting       | 5 6 7 9 10 11 12 13 | 13.0
Armour         | 5 6 7 8 |  8.1
Necromancy     | 2 5 7 8 9 |  9.0
Invocations    | 4 6 7 |  7.0
Evocations     | 1 4 |  4.0
Spellcasting   | 1 5 |  5.1
Maces & Flails | 5 6 |  6.2
Earth Magic    | 2 4 |  4.3
Shields        | |  3.0

Action                   |  1- 3 |  4- 6 |  7- 9 | 10-12 | 13-15 || total
-------------------------+-------+-------+-------+-------+-------++-------
Melee: Long sword        |   113 |   218 |   308 |   244 |       ||   883
       Double sword      |       |       |       |   326 |   567 ||   893
       Dire flail        |       |       |       |       |    15 ||    15
 Cast: Animate Dead      |       |       |       |       |    17 ||    17
       Control Undead    |       |       |       |       |     1 ||     1
Invok: Ancestor Identity |       |       |     1 |       |       ||     1
       Ancestor Life: Kn |       |       |     1 |       |       ||     1
       Recall Ancestor   |       |       |       |       |     3 ||     3
 Abil: Blink             |       |       |       |       |     3 ||     3
Evoke: Wand              |       |     5 |    10 |    18 |    10 ||    43
       Fan of gales      |       |       |       |     1 |       ||     1
  Use: Scroll            |       |     9 |     6 |     8 |    27 ||    50
       Potion            |       |     9 |     5 |    11 |     6 ||    31
 Stab: Distracted        |       |       |     7 |     6 |    13 ||    26
  Eat: Chunk             |       |     6 |     7 |    23 |    15 ||    51
       Pizza             |       |     1 |       |       |       ||     1
       Royal jelly       |       |       |     1 |       |       ||     1
       Fruit             |       |       |     4 |     1 |    16 ||    21
       Beef jerky        |       |       |       |     5 |       ||     5
       Meat ration       |       |       |       |       |     1 ||     1
       Bread ration      |       |       |       |       |     1 ||     1
Armor: Scale mail        |    81 |    50 |   121 |   203 |    54 ||   509
       Chain mail        |       |    60 |    11 |       |       ||    71
       Steam dragon scal |       |       |       |       |   179 ||   179
Dodge: Dodged            |    29 |    39 |    87 |   190 |   345 ||   690
Block: Shield            |    65 |    79 |   129 |   174 |       ||   447
       Rpst.: Long sword |    11 |     8 |    18 |    20 |       ||    57
       Double sword      |       |       |       |    28 |    93 ||   121
